 Dungeon Crawl Stone Soup version 0.13-a0-1762-gc06daff (webtiles) character file.

277 Bastard the Insei (level 4, -3/34 HPs)
             Began as a Demonspawn Monk on June 22, 2013.
             Killed by divine providence
             ... invoked by an orc priest
              (13 damage)
             ... on Level 4 of the Dungeon.
             The game lasted 00:05:33 (3154 turns).

Bastard the Insei (Demonspawn Monk)                 Turns: 3154, Time: 00:05:33

HP  -3/34        AC  2     Str 12      XL: 4   Next: 58%
MP   3/3         EV 13     Int 11      God:
Gold 169         SH  0     Dex 16      Spells:  0 memorised,  3 levels left

Res.Fire  : + . .   See Invis. : .     - Unarmed
Res.Cold  : + . .   Warding    : .   l - +0 robe
Life Prot.: . . .   Conserve   : .   (no shield)
Res.Poison: +       Res.Corr.  : .   k - +0 cap
Res.Elec. : +       Clarity    : .   (no cloak)
Sust.Abil.: + .     Spirit.Shd : .   (no gloves)
Res.Mut.  : .       Stasis     : .   (no boots)
Res.Rott. : .       Flight     : .   (no amulet)
Saprovore : . . .                    (no ring)
                                     q - ring of sustain abilities

@: slightly resistant to hostile enchantments, fairly stealthy
A: spiny 1
a: no special abilities


You were on level 4 of the Dungeon.
You were not hungry.

You visited 1 branch of the dungeon, and saw 4 of its levels.

You collected 169 gold pieces.

Inventory:

Armour
 k - a +0 cap (worn)
 l - a +0 robe (worn)
Magical devices
 r - a wand of polymorph (6)
Comestibles
 b - 5 bread rations
Scrolls
 c - a scroll of noise {unknown}
 e - 3 scrolls of remove curse
 g - a scroll of enchant armour {unknown}
 m - 2 scrolls of blinking {unknown}
Jewellery
 q - a ring of sustain abilities (left hand)
Potions
 a - a potion of might {unknown}
 f - a potion of brilliance
 i - a potion of heal wounds {unknown}
 j - a potion of blood {unknown}
 o - a potion of slowing {unknown}
 p - a potion of degeneration {unknown}


   Skills:
 - Level 3.0 Fighting
 - Level 2.6 Dodging
 - Level 1.7 Stealth
 + Level 5.5 Unarmed Combat


You had 3 spell levels left.
You didn't know any spells.

Dungeon Overview and Level Annotations

Branches:
Dungeon (4/27)
 Temple: D:4-7

Altars:
Sif Muna

Annotations
D:3 exclusions: worm and 1 more exclusion


Innate Abilities, Weirdness & Mutations

You are partially covered in sharp spines.


Message History

The orc priest hits you with an orcish mace.
You hit the orc priest but do no damage.
The orc priest is heavily wounded.
The orc priest dodges your spines.
The orc priest hits you with an orcish mace!
* * * LOW HITPOINT WARNING * * *
You are too injured to fight recklessly!
You are too injured to fight recklessly!
Drink which item? (? for menu, Esc to quit)
You feel protected.
It was a potion of resistance.
You closely miss the orc priest.
The orc priest is heavily wounded.
The orc priest is struck by your spines.
The orc priest barely misses you.
You closely miss the orc priest.
The orc priest is severely wounded.
The orc priest mumbles some strange prayers to Beogh against you.
Something smites you!
You die...

#.##....# #...[####.
#.#####.# ##....##...
#.# #.# #.....##...
#^#####.###.....##...
#.##............####.
#............##### #.
##...............# #.
####.####)##.#)....#
#.
#....o@....#.#.....#
#.
#..........#.#..####
#. #.........)(.#..#
##...###....(#..#
###.# ##....#..# #.#
#....#..# ..#
#....#..# ...
##....#..######.
...##.#.........


You could see an orc priest.

Vanquished Creatures
  A scorpion (D:4)
  A worker ant (D:4)
  An adder (D:4)
  4 giant geckos
  An ooze (D:2)
  2 orcs (D:4)
  2 ball pythons
  5 bats
  3 giant cockroaches
  6 hobgoblins
  5 giant newts
  9 goblins
  3 kobolds
  A quokka (D:4)
  6 rats
50 creatures vanquished.

Vanquished Creatures (others)
  A quokka (D:4)
1 creature vanquished.

Grand Total: 51 creatures vanquished

Notes
Turn   | Place    | Note
--------------------------------------------------------------
     0 | D:1      | Bastard, the Demonspawn Monk, began the quest for the Orb.
     0 | D:1      | Reached XP level 1. HP: 16/16 MP: 0/0
   207 | D:1      | Reached skill level 4 in Unarmed Combat
   211 | D:1      | Gained mutation: You are partially covered in sharp spines. [demonic ancestry]
   211 | D:1      | Reached XP level 2. HP: 16/22 MP: 1/1
   489 | D:1      | Bastard: Hey there.
  1414 | D:2      | Reached XP level 3. HP: 28/28 MP: 2/2
  1624 | D:3      | Found a deep blue altar of Sif Muna.
  1802 | D:3      | Basil: Howdy.
  2322 | D:4      | Reached skill level 5 in Unarmed Combat
  2691 | D:4      | Reached XP level 4. HP: 30/34 MP: 3/3
  2707 | D:4      | Bastard: whoops
  3154 | D:4      | Killed from afar by an orc priest

Action                   |  1- 3 |  4- 6 || total
-------------------------+-------+-------++-------
Melee: Unarmed           |   112 |    32 ||   144
Evoke: Wand              |       |     2 ||     2
  Use: Scroll            |     3 |       ||     3
       Potion            |       |     1 ||     1
 Stab: Sleeping          |     6 |       ||     6
